 Dungeon Crawl Stone Soup version 0.19-a0-664-g51fd293 (webtiles) character file.

139 LORDOFBUTT the Inquisitive (level 5, 0/25 HPs)
             Began as a Spriggan Artificer on June 16, 2016.
             Was a Follower of Pakellas.
             Succumbed to a worker ant's poison
             ... on level 4 of the Dungeon.
             The game lasted 00:05:19 (2496 turns).

LORDOFBUTT the Inquisitive (Spriggan Artificer)     Turns: 2496, Time: 00:05:20

Health: 0/25       AC:  2    Str:  8    XL:     5   Next: 1%
Magic:  9/9        EV: 20    Int: 12    God:    Pakellas [*.....]
Gold:   194        SH:  0    Dex: 18    Spells: 0 memorised, 8 levels left

rFire  . . .     SeeInvis +     a - +0 short sword
rCold  . . .     Gourm    .     b - +0 robe
rNeg   . . .     Faith    .     (shield restricted)
rPois  .         Spirit   .     (helmet restricted)
rElec  .         Dismiss  .     (no cloak)
rCorr  .         Reflect  .     (gloves unavailable)
SustAt .         Harm     .     (boots unavailable)
MR     .....                    (no amulet)
Stlth  +++.......               (no ring)
                                (no ring)

@: lethally poisoned (0 -> -7), very quick, not resistant to hostile
enchantments, fairly stealthy
A: unfitting armour, see invisible, herbivore 3, speed 3, slow metabolism 2
a: Quick Charge, Renounce Religion


You were on level 4 of the Dungeon.
You worshipped Pakellas.
Pakellas was aware of your devotion.
You were not hungry.

You visited 1 branch of the dungeon, and saw 4 of its levels.

You collected 194 gold pieces.

Inventory:

Hand Weapons
 a - a +0 short sword (weapon)
Armour
 b - a +0 robe (worn)
Wands
 c - a wand of flame (0/48)
 d - a wand of enslavement (9/24)
 e - a wand of random effects (11/48)
 m - a wand of digging (1/24)
 r - a wand of polymorph (10/24)
 s - a wand of random effects (27/48)
Scrolls
 k - a scroll of teleportation {unknown}
 l - 3 scrolls of identify {unknown}
 q - a scroll of noise {unknown}
 t - a scroll of magic mapping {unknown}
Potions
 g - 3 potions of lignification
 h - a potion of mutation {unknown}
 i - 2 potions of curing {unknown}
 j - a potion of flight {unknown}
 n - a potion of cure mutation {unknown}
 o - 3 potions of heal wounds {unknown}
 p - a potion of degeneration {unknown}
 u - 2 potions of magic {unknown}
Comestibles
 f - 3 bread rations


   Skills:
 + Level 1.0 Fighting
 + Level 1.9 Short Blades
 * Level 4.9 Dodging
 + Level 2.7 Stealth
 * Level 2.0 Spellcasting
 * Level 5.2 Evocations


You had 8 spell levels left.
You didn't know any spells.

Dungeon Overview and Level Annotations

Branches:
Dungeon (4/15)
 Temple: D:4-7

Altars:
Gozag
Pakellas
Qazlal
Trog

Annotations:
D:4 Blork the orc


Innate Abilities, Weirdness & Mutations

You are tiny and cannot use many weapons and most armour.
You have supernaturally acute eyesight. (SInv)
You are a herbivore.
You cover ground extremely quickly.
You need consume almost no food.


Message History

You hit the giant gecko but do no damage.
The giant gecko misses you. The worker ant bites you.
* * * LOW HITPOINT WARNING * * *
You are lethally poisoned!
The worker ant poisons you!
You hit the giant gecko.
The giant gecko is almost dead.
* * * LOW HITPOINT WARNING * * *
You feel sick.
Blork the orc misses the worker ant.
The giant gecko completely misses you. The worker ant misses you.
You hit the giant gecko.
You kill the giant gecko!
Pakellas accepts your kill.
Pakellas collects the excess magic power.
* * * LOW HITPOINT WARNING * * *
You feel sick.
Blork the orc barely misses the worker ant.
The worker ant completely misses you.
You die...
Pakellas says: Time to start the next experiment...

# . ###. #.. #.# ..
#.#####.# #.
#.#.#.......#######.####
...
.........@.ao...!...>..
#.#
#.######+#####.###.#...
#.. .. ....... #.# . #<#
#.#....... #.# ..#..
#......... #†#
..#.######.####+# #.#
..#...#.........# #.#
..#.#.#.#.#.....# #.#
.##.#.#.#.#.....#####.#


You could see a worker ant and the friendly Blork the orc.

Vanquished Creatures
  A worker ant (D:4)
  5 adders (D:2)
  An ooze (D:2)
  A dart slug (D:1)
  2 giant geckos
  An orc (D:3)
  2 ball pythons
  7 bats
  5 giant cockroaches
  6 goblins
  4 hobgoblins
  3 quokkas
  5 giant newts
  2 kobolds (D:1)
  5 rats
50 creatures vanquished.

Vanquished Creatures (collateral kills)
  A worker ant (D:4)
1 creature vanquished.

Vanquished Creatures (others)
  A worker ant (D:4)
1 creature vanquished.

Grand Total: 52 creatures vanquished

Notes
Turn   | Place    | Note
--------------------------------------------------------------
     0 | D:1      | LORDOFBUTT the Spriggan Artificer began the quest for the Orb.
     0 | D:1      | Reached XP level 1. HP: 9/9 MP: 4/4
   248 | D:1      | Reached skill level 1 in Fighting
   321 | D:1      | Reached XP level 2. HP: 12/14 MP: 6/6
   642 | D:2      | Reached skill level 1 in Spellcasting
   642 | D:2      | Reached XP level 3. HP: 9/18 MP: 7/7
   660 | D:2      | Found an opulent altar of Gozag.
  1307 | D:2      | Found an oddly glowing altar of Pakellas.
  1310 | D:2      | Found a stormy altar of Qazlal.
  1315 | D:2      | Became a worshipper of Pakellas the Inventive
  1321 | D:2      | Found a bloodstained altar of Trog.
  1372 | D:2      | Reached XP level 4. HP: 20/22 MP: 8/8
  1627 | D:3      | Found an oddly glowing altar of Pakellas.
  1793 | D:3      | Reached * piety under Pakellas
  1793 | D:3      | Received a gift from Pakellas
  2076 | D:4      | Reached skill level 5 in Evocations
  2402 | D:4      | Noticed Blork the orc
  2435 | D:4      | Noticed a centaur
  2453 | D:4      | Reached XP level 5. HP: 3/25 MP: 9/9
  2494 | D:4      | HP: 1/25 [poisoned by a worker ant]
  2496 | D:4      | Succumbed to a worker ant's poison

Vault maps used:
D:1:      minmay_arrival_split_and_join
D:2:      grunt_temple_overflow_diamond, serial_bayou_pond_b,
          serial_bayou_pond_d, grunt_gozag_breadcrumbs
D:3:      first_bread, johnstein_pakellas_dig
D:4:      minmay_divided_ellipse, uniq_menkaure, uniq_grinder,
          uniq_blork_the_orc

Skill      XL: |  1  2  3  4 |
---------------+-------------+-----
Fighting       | 1 |  1.0
Spellcasting   | 1 2 |  2.0
Dodging        | 4 |  4.9
Stealth        | 2 |  2.7
Evocations     | 5 |  5.2
Short Blades   | |  1.9

Action                   |  1- 3 |  4- 6 || total
-------------------------+-------+-------++-------
Melee: Short sword       |    74 |    59 ||   133
Evoke: Wand              |     8 |    17 ||    25
  Use: Potion            |       |     1 ||     1
 Stab: Sleeping          |     4 |     8 ||    12
       Distracted        |       |     1 ||     1
Armor: Robe              |     8 |     5 ||    13
       Skin              |       |    13 ||    13
Dodge: Dodged            |    77 |    58 ||   135
